 Dungeon Crawl Stone Soup version 0.27-a0-29-g2d0a2396b0 (webtiles) character file.

Game seed: 15408321912635343317

4 hehateme the Magician (level 1, 0/11 HPs)
             Began as a Kobold Hedge Wizard on Jan 3, 2021.
             Slain by a hobgoblin
             ... wielding a +0 club
              (2 damage)
             ... on level 1 of the Dungeon.
             The game lasted 00:01:34 (436 turns).

hehateme the Magician (Kobold Hedge Wizard)          Turns: 436, Time: 00:01:35

Health: 0/11       AC:  3    Str:  7    XL:     1   Next: 66%
Magic:  4/4        EV: 14    Int: 15    God:
Gold:   21         SH:  0    Dex: 14    Spells: 5/6 levels left

rFire    . . .     SeeInvis .   a - +0 dagger
rCold    + . .     Faith    .   (shield restricted)
rNeg     . . .     Spirit   .   d - +0 leather armour {rC+} {rC+}
rPois    .         Reflect  .   c - +0 hat
rElec    .         Harm     .   (no cloak)
rCorr    .         Rampage  .   (no gloves)
Will     .....                  (no boots)
Stlth    +++.......             (no amulet)
HPRegen  0.03/turn              (no ring)
MPRegen  0.09/turn              (no ring)

@: no status effects
A: small, nightstalker 3
a: no special abilities


You were on level 1 of the Dungeon.
You visited 1 branch of the dungeon, and saw 1 of its levels.

You collected 21 gold pieces.

Inventory:

Hand Weapons
 a - a +0 dagger (weapon)
Missiles
 e - 41 stones
 Q - 26 arrows
Armour
 b - a +0 robe
 c - a +0 hat (worn)
 d - a +0 leather armour of cold resistance (worn) {rC+}
Scrolls
 f - a scroll of fog {unknown}
 g - a scroll of fear {unknown}
 h - a scroll of identify {unknown}
 j - a scroll of teleportation {unknown}


   Skills:
 + Level 0.4 Fighting
 * Level 1.2 Short Blades
 - Level 2.4 Dodging
 - Level 2.6 Stealth
 - Level 3.2 Spellcasting
 - Level 1.0 Conjurations
 - Level 1.0 Summonings
 - Level 1.0 Translocations


You had 5 spell levels left.
You knew the following spells:

 Your Spells              Type           Power        Failure   Level
a - Magic Dart            Conj           20%          21%         1

Your spell library contained the following spells:

 Spells                   Type           Power        Failure   Level
 Blink                    Tloc           N/A          30%         2
 Call Imp                 Summ           5%           30%         2
 Slow                     Hex            2%           41%         2
 Conjure Flame            Conj/Fire      3%           58%         3
 Mephitic Cloud           Conj/Pois/Air  3%           61%         3


Dungeon Overview and Level Annotations

Branches:
Dungeon (1/15)

Altars:

Annotations:
D:1 exclusion: hobgoblin


Innate Abilities, Weirdness & Mutations

You are small and have problems with some larger weapons.
You are completely attuned to the shadows.


Message History

You regained 5 hp, and now have 9/11 hp.
You hit the hobgoblin but do no damage. The hobgoblin hits you with a +0 club.
You take 2 damage, and have 7/11 hp.
You closely miss the hobgoblin. The hobgoblin closely misses you.
You barely miss the hobgoblin. The hobgoblin barely misses you.
You closely miss the hobgoblin. The hobgoblin barely misses you.
You hit the hobgoblin. The hobgoblin completely misses you.
You hit the hobgoblin but do no damage. You closely miss the hobgoblin.
The hobgoblin hits you but does no damage.
You closely miss the hobgoblin. The hobgoblin completely misses you.
You barely miss the hobgoblin. The hobgoblin hits you with a +0 club.
* * * LOW HITPOINT WARNING * * *
You take 5 damage, and have 2/11 hp.
GAME OVER YEAH!!
You closely miss the hobgoblin. The hobgoblin misses you.
You hit the hobgoblin but do no damage.
The hobgoblin hits you but does no damage.
You hit the hobgoblin but do no damage. The hobgoblin hits you with a +0 club.
You die...

#.## #.
#..# ##
#..+#
#...##
#....#
#....###
#......#
#g.⌠....
#@......
#.......
.?........
####......
#......
#.....

Skill      XL: |  1 |
---------------+----+-----
Short Blades   | 1 |  1.2
Fighting       | |  0.4
Dodging        | |  2.4
Stealth        | |  2.6
Spellcasting   | |  3.2
Conjurations   | |  1.0
Summonings     | |  1.0
Translocations | |  1.0

Notes
Turn   | Place    | Note
-------+----------+-------------------------------------------
     0 | D:1      | hehateme the Kobold Hedge Wizard began the quest for the
                  | Orb.
     0 | D:1      | Reached XP level 1. HP: 10/10 MP: 4/4
   347 | D:1      | Reached skill level 1 in Short Blades
   354 | D:1      | HP: 2/11 [hobgoblin/+0 club (4)]
   433 | D:1      | HP: 2/11 [hobgoblin/+0 club (5)]
   436 | D:1      | Slain by a hobgoblin

Table legend: (Time is in decaauts)
 A = Elapsed time spent in this place.
 B = Non-inter-level travel time spent in this place.
 C = Inter-level travel time spent in this place.
 D = Time resting spent in this place.
 E = Time spent auto-exploring this place.
 F = Levels seen in this place.
 G = Mean time per level.
                   A        B        C        D        E       F      G
               +--------+--------+--------+--------+--------+-----+--------+
         Total |    434 |    434 |      0 |      0 |    280 |   1 |  434.0 |
       Dungeon |    434 |    434 |      0 |      0 |    280 |   1 |  434.0 |
               +--------+--------+--------+--------+--------+-----+--------+

Top non-repeatable levels by time:
     D:1: 434 daAuts

Table legend:
 A = Kills in this place as a percentage of kills in entire the game.
 B = Kills by you in this place as a percentage of kills by you in the entire game.
 C = Kills by friends in this place as a percentage of kills by friends in the entire game.
 D = Other kills in this place as a percentage of other kills in the entire game.
 E = Experience gained in this place as a percentage of experience gained in the entire game.
 F = Experience gained in this place divided by the number of levels of this place that you have seen.
                   A       B       C       D       E      F
               +-------+-------+-------+-------+-------+----------------------
         Total | 100.0 | 100.0 |   N/A |   N/A | 100.0 |   6.0
       Dungeon | 100.0 | 100.0 |   N/A |   N/A | 100.0 |   6.0
               +-------+-------+-------+-------+-------+----------------------

Action                   || total
-------------------------++-------
Melee: Dagger            ||    39
 Cast: Magic Dart        ||     2
  Use: Potion            ||     2
 Stab: Sleeping          ||     2
Armor: Leather armour    ||     7
Dodge: Dodged            ||    18

Vanquished Creatures
  A hobgoblin (D:1)
  A frilled lizard (D:1)
  A goblin (D:1)
  2 rats (D:1)
5 creatures vanquished. You could see a hobgoblin.

Levels and vault maps discovered:
D:1:      nicolae_arrival_somewhat_less_tricky_arrival, layout_rooms
